 Dungeon Crawl Stone Soup version 0.21-b1-23-g1fb0a74 (webtiles) character file.

73 rgaf the Insei (level 4, 0/48 HPs)
             Began as a Merfolk Transmuter on Jan 6, 2018.
             Succumbed to an adder's poison
             ... on level 2 of the Dungeon.
             The game lasted 00:01:56 (1694 turns).

rgaf the Insei (Merfolk Transmuter)                 Turns: 1694, Time: 00:01:56

Health: 0/48       AC: 22    Str:  9 (11) XL:     4   Next: 27%
Magic:  7/7        EV:  2    Int: 11 (12) God:
Gold:   116        SH:  0    Dex: 15 (17) Spells: 6/7 levels left

rFire    . . .     SeeInvis .     - Unarmed
rCold    . . .     Gourm    .   (no shield)
rNeg     + + +     Faith    .   (armour currently unavailable)
rPois    +         Spirit   .   (helmet currently unavailable)
rElec    .         Reflect  .   (cloak currently unavailable)
rCorr    .         Harm     .   (gloves currently unavailable)
MR       .....     NoTele   +   (boots currently unavailable)
Stlth    +.........             (no amulet)
HPRegen  0.16/turn              h - +2 ring of slaying
MPRegen  0.10/turn              n - +3 ring of dexterity

@: lethally poisoned (0 -> -8), tree-form
A: (change form in water), (swift swim), (stealthy swim)
a: no special abilities


You were on level 2 of the Dungeon.
You were hungry.
You were a tree.
You visited 1 branch of the dungeon, and saw 2 of its levels.

You collected 116 gold pieces.

Inventory:

Missiles
 a - 12 arrows
Armour
 b - a +0 robe (melded)
Jewellery
 f - a cursed amulet of inaccuracy {unknown}
 h - a +2 ring of slaying (left branch)
 n - a +3 ring of dexterity (right branch)
Wands
 p - a wand of flame (28)
Scrolls
 e - 3 scrolls of teleportation {unknown}
 g - a scroll of enchant armour {unknown}
 i - a scroll of identify {unknown}
 j - a scroll of fog {unknown}
 k - 2 scrolls of remove curse {unknown}
 m - a scroll of immolation {unknown}
Books
 c - a book of Changes

   Spells                             Type                      Level
   a - Beastly Appendage              Transmutation                1
   b - Sticks to Snakes               Transmutation                2
   c - Spider Form                    Transmutation/Poison         3
   d - Ice Form                       Ice/Transmutation            4
   e - Blade Hands                    Transmutation                5
Comestibles
 d - 5 rations


   Skills:
 - Level 1.1 Fighting
 - Level 2.6 Dodging
 + Level 5.5 Unarmed Combat
 - Level 2.0 Spellcasting
 - Level 2.6 Transmutations


You had 6 spell levels left.
You knew the following spells:

 Your Spells              Type           Power        Failure   Level  Hunger
a - Beastly Appendage     Tmut           #.....       10%         1    ##.....


Dungeon Overview and Level Annotations

Branches:
Dungeon (2/15)

Altars:
Elyvilon


Message History

* * * LOW HITPOINT WARNING * * *
You feel sick. The adder bites you.
* * * LOW HITPOINT WARNING * * *
It was a potion of lignification.
You turn into a tree.
Your +0 robe melds into your body.
Your roots penetrate the ground.
* * * LOW HITPOINT WARNING * * *
You feel sick. The adder bites you but does no damage.
The hobgoblin hits you with a club.
* * * LOW HITPOINT WARNING * * *
The adder bites you but does no damage.
It was a potion of degeneration.
There was something very wrong with that liquid.
You feel weakened.
You feel dopey.
You feel clumsy.
* * * LOW HITPOINT WARNING * * *
You feel sick.
The hobgoblin hits you but does no damage.
The adder bites you but does no damage.
You smack the adder!
You kill the adder!
You die...

#..................
#....#.(.♣._.♣.....
#....##..........r.
##..####≈..♣..≈#...
#.†# #≈≈...≈≈#...
###..# ###...###...
##....# #.###.(..
##.....## #.# #....
#....♣..# #.# #....
#.....g.# #.# #....
#......%# #.# ##...
##........ #.# ##..
#.........# #.#####.#
#.........# ##........
#.....$.#.. #...).....
##......##.##.#..>....
. #. #.#.......


You could see a hobgoblin.

Vanquished Creatures
  3 adders (D:2)
  A worm (D:2)
  3 dart slugs
  5 giant cockroaches
  6 goblins
  4 hobgoblins
  2 jackals (D:1)
  2 bats
  3 frilled lizards
  3 kobolds
  5 rats
37 creatures vanquished.

Vanquished Creatures (others)
  A bat (D:2)
  A giant cockroach (D:2)
2 creatures vanquished.

Grand Total: 39 creatures vanquished

Notes
Turn   | Place    | Note
-------+----------+-------------------------------------------
     0 | D:1      | rgaf the Merfolk Transmuter began the quest for the Orb.
     0 | D:1      | Reached XP level 1. HP: 15/15 MP: 3/3
   189 | D:1      | Reached XP level 2. HP: 8/21 MP: 5/5
   456 | D:1      | Reached skill level 4 in Unarmed Combat
  1017 | D:1      | Reached XP level 3. HP: 26/26 MP: 6/6
  1464 | D:2      | Reached skill level 5 in Unarmed Combat
  1583 | D:2      | Found a white marble altar of Elyvilon.
  1616 | D:2      | Reached XP level 4. HP: 25/32 MP: 7/7
  1692 | D:2      | HP: 2/48 [hobgoblin/club (1)]
  1694 | D:2      | Succumbed to an adder's poison

Skill      XL: |  1  2  3 |
---------------+----------+-----
Unarmed Combat | 4 5 |  5.5
Fighting       | |  1.1
Dodging        | |  2.6
Spellcasting   | |  2.0
Transmutations | |  2.6

Action                   |  1- 3 |  4- 6 || total
-------------------------+-------+-------++-------
Melee: Unarmed           |   141 |    13 ||   154
       Punch             |     3 |     1 ||     4
  Use: Potion            |       |     2 ||     2
 Stab: Sleeping          |     4 |       ||     4
  Eat: Chunk             |     2 |       ||     2
Armor: Robe              |    22 |     2 ||    24
       Skin              |       |     4 ||     4
Dodge: Dodged            |    78 |     6 ||    84
